 Seeded DCSS version 0.28-a0-991-g956f0ee3d5 (webtiles) character file.

Game seed: 78461234584321 (custom seed)

1317 Redcow54321 the Grappler (level 8, -4/74 HPs)
             Began as a Troll Fighter on Dec 4, 2021.
             Blown up by a centaur (12 damage)
             ... with a mindburst bolt
             ... on level 7 of the Dungeon.
             The game lasted 00:07:33 (3154 turns).

Redcow54321 the Grappler (Troll Fighter)            Turns: 3154, Time: 00:07:33

Health: -4/74      AC:  4    Str: 27    XL:     8   Next: 33%
Magic:  0/7        EV: 10    Int:  4    God:
Gold:   215        SH:  0    Dex: 15    Spells: 7/7 levels left

rFire   . . .      SeeInvis .     - Unarmed
rCold   . . .      Faith    .   (no shield)
rNeg    . . .      Spirit   +   a - +0 robe
rPois   .          Reflect  .   (helmet restricted)
rElec   .          Harm     .   (no cloak)
rCorr   .          Rampage  .   (gloves unavailable)
Will    .....                   (boots unavailable)
Stlth   +.........              u - amulet of guardian spirit
HPRegen 1.02/turn               g - +6 ring of dexterity
MPRegen 0.10/turn               (no ring)

@: no status effects
A: large, unfitting armour, claws 3, regeneration 1, shaggy fur 1, tough skin 1
a: no special abilities


You were on level 7 of the Dungeon.
You visited 1 branch of the dungeon, and saw 7 of its levels.

You collected 215 gold pieces.

Inventory:

Missiles
 k - a throwing net (quivered)
Armour
 a - a +0 robe (worn)
 b - a +0 kite shield
Jewellery
 e - an amulet of faith
 g - a +6 ring of dexterity (left claw)
 u - an amulet of guardian spirit (around neck)
Scrolls
 d - 2 scrolls of enchant weapon {unknown}
 f - a scroll of teleportation {unknown}
 j - a scroll of acquirement {unknown}
 l - 2 scrolls of amnesia {unknown}
 o - a scroll of silence {unknown}
 p - 4 scrolls of identify {unknown}
 q - a scroll of blinking {unknown}
 r - 2 scrolls of vulnerability {unknown}
 s - a scroll of fear {unknown}
 t - a scroll of enchant armour {unknown}
Potions
 c - a potion of might
 h - 3 potions of curing
 i - 2 potions of haste {unknown}
 m - 4 potions of flight {unknown}
 n - a potion of heal wounds {unknown}


   Skills:
 - Level 2.4 Fighting
 - Level 2.4 Dodging
 - Level 2.4 Shields
 * Level 10.4 Unarmed Combat


You had 7 spell levels left.
You didn't know any spells.
Your spell library contained the following spells:

 Spells                   Type           Power      Damage    Failure   Level
 Slow                     Hex            0%         N/A       50%         1
 Ensorcelled Hibernation  Hex/Ice        0%         N/A       65%         2
 Confusing Touch          Hex            0%         N/A       86%         3
 Tukima's Dance           Hex            0%         N/A       86%         3
 Yara's Violent Unravell  Hex/Tmut       0%         3d3       100%        5


Dungeon Overview and Level Annotations

Branches:
Dungeon (7/15)
 Temple: D:4-7

Altars:
Uskayaw
Zin

Shops:
D:1 =   D:3 *


Innate Abilities, Weirdness & Mutations

You are too large for most types of armour.
You have claws for hands.
Your natural rate of healing is unusually fast.
You are covered in fur. (AC +1)
You have tough skin. (AC +1)


Message History

You closely miss Prince Ribbit.
You feel very sick. Prince Ribbit hits you!
You miss Prince Ribbit.
You feel very sick. Prince Ribbit barely misses you.
You feel very sick.
You feel very sick.
Prince Ribbit hits you but does no damage.
You feel sick.
You feel sick.
You feel sick. Prince Ribbit barely misses you.
You feel sick.
You feel sick.
You feel sick.
Prince Ribbit blinks!
The centaur shoots an arrow.
The arrow barely misses you.
You claw Prince Ribbit!
Prince Ribbit is moderately wounded.
You feel sick.
The centaur shoots an arrow.
The arrow closely misses you.
The arrow misses Prince Ribbit.
Prince Ribbit hits you but does no damage.
You mangle Prince Ribbit!!
Prince Ribbit is almost dead.
You feel sick.
You are no longer poisoned.
The centaur shoots an arrow.
The arrow hits you. Prince Ribbit hits you!
You mangle Prince Ribbit!!
You kill Prince Ribbit!
The centaur zaps a wand.
You struggle to resist.
Your Unarmed Combat skill increases to level 10!
The centaur zaps a wand.
Your mind is blasted!
* * * LOW HITPOINT WARNING * * *
The centaur shoots an arrow.
The arrow hits you but does no damage.
The centaur shoots an arrow.
The arrow hits you!
* * * LOW HITPOINT WARNING * * *
It was a potion of curing.
You feel better.
The centaur zaps a wand.
Your mind is blasted!
* * * LOW HITPOINT WARNING * * *
The centaur zaps a wand.
Your mind is blasted!
You die...

#.#.. ####.#'######
#.........c.# #...).......#
#.....c..ยง..# #'#
#.########### #.........c.#
#....######@# #.........#.#
#....#...##.#.#
####.###.##.#.# #.# #.##.#.#
#.# #.##.#.# #..
..##.#.##############
####.#.#....##......#
###########'#'#.##.#.....#.#


You could see a centaur.

Vanquished Creatures
  A centaur zombie (D:5)
  Prince Ribbit (D:7)
  A water moccasin (D:7)
  A sky beast (D:6)
  A water moccasin zombie (D:7)
  3 wights (D:6)
  A gnoll shaman (D:4)
  2 jellies
  A hound (D:4)
  A bullfrog skeleton (D:4)
  Natasha (thrice) (D:2)
  An iguana (D:6)
  Robin (D:3)
  3 gnolls (D:4)
  5 adders
  An ufetubus (D:6)
  A worm (D:4)
  A dart slug (D:3)
  2 orcs
  5 ball pythons
  4 endoplasms
  5 giant cockroaches
  14 hobgoblins
  8 jackals
  8 kobolds
  4 quokkas
  5 bats
  9 frilled lizards
  19 goblins
  6 rats
118 creatures vanquished.

Notes
Turn   | Place    | Note
-------+----------+-------------------------------------------
     0 | D:1      | Redcow54321 the Troll Fighter began the quest for the Orb.
     0 | D:1      | Reached XP level 1. HP: 22/22 MP: 0/0
   110 | D:1      | Reached XP level 2. HP: 29/29 MP: 1/1
   143 | D:1      | Reached skill level 3 in Unarmed Combat
   634 | D:1      | Reached XP level 3. HP: 36/36 MP: 2/2
   731 | D:1      | Found Mebioh's Jewellery Shoppe.
   816 | D:2      | Reached skill level 4 in Unarmed Combat
   868 | D:2      | Noticed Natasha
   910 | D:2      | Killed Natasha
   911 | D:2      | Reached XP level 4. HP: 30/44 MP: 3/3
   986 | D:2      | Noticed Natasha
   999 | D:2      | Killed Natasha
  1006 | D:2      | Reached skill level 5 in Unarmed Combat
  1132 | D:2      | Noticed Natasha
  1139 | D:2      | Killed Natasha
  1140 | D:2      | Reached XP level 5. HP: 50/50 MP: 4/4
  1366 | D:3      | Noticed Robin
  1396 | D:3      | Killed Robin
  1499 | D:3      | Found Ycuischir's Assorted Antiques.
  1521 | D:3      | Noticed a +0 dagger
  1521 | D:3      | Noticed a +0 hand axe
  1523 | D:3      | Found a hide-covered altar of Uskayaw.
  1640 | D:3      | Found a faded altar of an unknown god.
  2054 | D:4      | Reached skill level 6 in Unarmed Combat
  2106 | D:4      | Reached XP level 6. HP: 49/59 MP: 5/5
  2425 | D:4      | Reached skill level 7 in Unarmed Combat
  2504 | D:4      | Found a glowing silver altar of Zin.
  2722 | D:5      | Entered Level 5 of the Dungeon
  2742 | D:5      | Reached skill level 8 in Unarmed Combat
  2742 | D:5      | Reached XP level 7. HP: 65/66 MP: 6/6
  3004 | D:6      | Reached skill level 9 in Unarmed Combat
  3076 | D:7      | Reached XP level 8. HP: 57/74 MP: 5/7
  3132 | D:7      | Noticed Prince Ribbit
  3149 | D:7      | Killed Prince Ribbit
  3150 | D:7      | Reached skill level 10 in Unarmed Combat
  3154 | D:7      | Blown up by a centaur

Illustrated notes

Levels and vault maps discovered:
D:1:      denvon_arrival_planthouse, layout_basic, serial_shops, shop
D:2:      kennysheep_the_goblin_king, layout_rooms, minmay_liquid_box,
          uniq_natasha
D:3:      layout_loops_ring, dancing_weapons_uskayaw,
          hellmonk_ecumenical_altar_crossroads, serial_shops, shop, uniq_robin
D:4:      layout_loops_ring, nicolae_overflow_hidden_temple
D:5:      minmay_octagon_keep, layout_basic, grunt_gozag_breadcrumbs,
          nicolae_shop_self_help, uniq_duvessa
D:6:      layout_gridville
D:7:      layout_basic, cheibriados_altar_1, minmay_temple_entry_slanted,
          grunt_ministairs_8, uniq_prince_ribbit1

Skill      XL: |  1  2  3  4  5  6  7  8 |
---------------+-------------------------+-----
Unarmed Combat | 3 4 5 6 8 9 10 | 10.4
Fighting       | |  2.4
Dodging        | |  2.4
Shields        | |  2.4

Action                   |  1- 3 |  4- 6 |  7- 9 || total
-------------------------+-------+-------+-------++-------
Melee: Unarmed           |   144 |   124 |    38 ||   306
       Punch             |     3 |     6 |     2 ||    11
  Use: Potion            |       |       |     1 ||     1
 Stab: Sleeping          |       |     3 |       ||     3
Armor: Robe              |    56 |    28 |    10 ||    94
Dodge: Dodged            |    77 |    44 |    17 ||   138
Block: Kite shield       |     1 |       |       ||     1

Table legend: (Time is in decaauts)
 A = Elapsed time spent in this place.
 B = Non-inter-level travel time spent in this place.
 C = Inter-level travel time spent in this place.
 D = Time resting spent in this place.
 E = Time spent auto-exploring this place.
 F = Levels seen in this place.
 G = Mean time per level.
                   A        B        C        D        E       F      G
               +--------+--------+--------+--------+--------+-----+--------+
         Total |   3139 |   3037 |    102 |      0 |   2303 |   7 |  448.4 |
       Dungeon |   3139 |   3037 |    102 |      0 |   2303 |   7 |  448.4 |
               +--------+--------+--------+--------+--------+-----+--------+

Top non-repeatable levels by time:
     D:1: 761 daAuts
     D:4: 746 daAuts
     D:3: 617 daAuts
     D:2: 590 daAuts
     D:6: 273 daAuts
     D:7: 129 daAuts
     D:5: 20 daAuts
